 Dungeon Crawl Stone Soup version 0.21.1-1-g345015f (webtiles) character file.

46488 Kagorn the Fighter (level 14, -4/211 HPs)
             Began as a Gargoyle Berserker on June 11, 2018.
             Was a High Priest of Trog.
             Slain by a yak (8 damage)
             ... on level 6 of the Lair of Beasts.
             The game lasted 02:46:34 (16070 turns).

Kagorn the Fighter (Gargoyle Berserker)            Turns: 16070, Time: 02:46:47

Health: -4/211     AC: 27    Str: 30    XL:     14   Next: 37%
Magic:  14/14      EV:  2    Int: 10    God:    Trog [*****.]
Gold:   1209       SH:  0    Dex: 15    Spells: 13/13 levels left

rFire    + + .     SeeInvis +   X - +2 battleaxe (flame)
rCold    + + .     Gourm    .   (shield currently unavailable)
rNeg     + + +     Faith    .   (armour currently unavailable)
rPois    ∞         Spirit   .   (helmet currently unavailable)
rElec    +         Reflect  .   (cloak currently unavailable)
rCorr    +         Harm     .   (gloves currently unavailable)
MR       +++..     NoTele   +   (boots currently unavailable)
Stlth    ..........             (no amulet)
HPRegen  1.45/turn              S - ring "Vuusseuq" {rF+ Dex+3 SInv Stlth+}
MPRegen  0.14/turn              R - ring of Xopsuur {rC+ rN+ Str+4}

@: berserking, tree-form, resistant, regenerating, very quick
A: negative energy resistance 1, petrification resistance, rot immunity, AC +10
a: Berserk, Trog's Hand, Brothers in Arms, Burn Spellbooks, Renounce Religion


You were on level 6 of the Lair of Beasts.
You worshipped Trog.
Trog was extremely pleased with you.
You were not hungry.
You were a tree.
You visited 2 branches of the dungeon, and saw 15 of its levels.
You also visited: Volcano.

You collected 1209 gold pieces.

Inventory:

Hand Weapons
 f - a +1 great sword of flaming
 n - a +5 trident
 A - a +5 great sword of slicing
 H - a +2 great mace of flaming
 M - a +4 dagger of freezing
 P - a +3 war axe of holy wrath
 Q - a +2 hand axe of flaming
 W - a +2 spear of flaming
 X - a +2 battleaxe of flaming (weapon)
Missiles
 u - 3 tomahawks of dispersal (quivered)
Armour
 g - a +2 cloak (melded)
 j - a +0 buckler
 q - +0 steam dragon scales
 v - the +27 Lear's hauberk (melded)
   (You found it on level 5 of the Dungeon)
 T - +0 ice dragon scales
 Z - a +1 plate armour of fire resistance
Jewellery
 h - a +3 ring of strength
 i - an uncursed ring of resist corrosion
 k - an uncursed ring of resist corrosion
 B - a +3 ring of evasion
 C - an uncursed ring of ice
 I - a cursed +3 ring of dexterity
 L - an uncursed ring of ice
 R - the ring of Xopsuur (right branch) {rC+ rN+ Str+4}
   (You acquired it on level 1 of the Lair of Beasts)

   [ring of positive energy]

   It affects your strength (+4).
   It protects you from cold.
   It protects you from negative energy.
 S - the ring "Vuusseuq" (left branch) {rF+ Dex+3 SInv Stlth+}
   (You acquired it on level 1 of the Lair of Beasts)

   [ring of stealth]

   It affects your dexterity (+3).
   It protects you from fire.
   It lets you see invisible.
   It makes you more stealthy.
Wands
 a - a wand of digging (4)
 t - a wand of paralysis (2)
 y - a wand of disintegration (29)
 z - a wand of flame (65)
 E - a wand of iceblast (8)
 G - a wand of acid (10)
Scrolls
 c - 2 scrolls of remove curse
 d - 4 scrolls of teleportation
 e - a scroll of magic mapping
 w - a scroll of acquirement
 x - 2 scrolls of blinking
 F - 2 scrolls of fear
 K - a scroll of enchant armour
 U - a scroll of identify
 V - a scroll of fog
Potions
 l - 2 potions of curing
 m - 2 potions of experience {unknown}
 p - a potion of mutation
 r - a potion of haste
 s - 2 potions of lignification
 D - 2 potions of berserk rage
 J - a potion of might
 N - a potion of resistance
 O - 2 potions of flight
 Y - a potion of brilliance {unknown}
Comestibles
 o - 13 rations


   Skills:
 * Level 13.0 Fighting
 * Level 3.7(7.5) Short Blades
 - Level 10.1(10.4) Long Blades
 - Level 1.9(6.5) Axes
 - Level 8.2(8.3) Maces & Flails
 - Level 6.2(6.4) Polearms
 + Level 9.5 Armour
 * Level 7.3 Dodging
 * Level 9.9 Stealth
 + Level 4.9 Shields


You had 13 spell levels left.
You didn't know any spells.

Dungeon Overview and Level Annotations

Branches:
Dungeon (9/15)             Temple (0/1) D:7            Lair (6/6) D:9
 Shoals (0/4) Lair:4        Snake (0/4) Lair:4
  Slime: Lair:5-6       Orc: D:9-12

Altars:
Cheibriados
Nemelex Xobeh
Ru
Sif Muna
Uskayaw
Vehumet
Xom
Zin

Shops:
D:6 (


Innate Abilities, Weirdness & Mutations

You are resistant to torment.
((Your stone body is resilient. (AC +10)))
You are immune to poison.
((Your large and strong wings let you fly indefinitely.))
You resist negative energy. (rN+)
((You are resistant to electric shocks. (rElec)))
((You can survive without breathing.))
You are immune to petrification.
You are immune to rotting.
((You have a pair of small antennae on your head.))
((You have a beak for a mouth.))
((You are partially covered in thin metallic scales. (AC +2)))
((Your flesh is cold resistant. (rC+)))


Message History

Unknown command.
You slash the death yak! You burn the death yak.
You feel the power of Trog in you as your rage grows.
You kill the death yak!
Trog accepts your kill.
Your Fighting skill increases to level 13!
You slash the yak! You burn the yak.
You kill the yak!
Trog accepts your kill.
You slash the yak! You burn the yak. You slash the yak! You burn the yak!
The yak gores you.
* * * LOW HITPOINT WARNING * * *
You slice the yak!! You burn the yak!
You kill the yak!
Trog accepts your kill.
You slash the yak! You burn the yak. You slash the yak! You burn the yak.
You kill the yak!
Trog accepts your kill. The yak gores you!
You die...

.. Y. .## .##.Y ..#
.... #.. #... ##..
##..# #P..## #..#
### ##H††###.#
###.##
#..Y♣....####....##
#..###....P##...†..#
#. ###...#......##
##.....##..#
###.###...#
#######...##
#..###...##
##P.....##
###......#


You could see a manticore and a yak.

Vanquished Creatures
  A red draconian (Volcano)
  The ghost of Pawles22 the Grappler, a journeyman MiMo (Lair:2)
  8 hydras
  2 catoblepae (Lair:6)
  6 two-headed ogres
  5 death yaks (Lair:6)
  An ogre mage (Volcano)
  The ghost of teukkam the Basher, a novice TrMo (D:5)
  A lindwurm (Lair:5)
  An oklob plant (Lair:3)
  7 black mambas
  3 torpor snails (Lair:5)
  15 spiny frogs
  A rime drake (Lair:2)
  6 komodo dragons
  Prince Ribbit (D:9)
  Grinder (D:4)
  The ghost of Ethylacetat the Insei, an amateur DsCK of Xom (D:4)
  A hornet (D:3)
  A polar bear (Lair:2)
  2 dream sheep (D:9)
  17 blink frogs
  8 hippogriffs
  Sigmund (D:5)
  40 yaks
  A basilisk (Lair:4)
  Menkaure (D:5)
  2 nagas (Lair:4)
  6 water moccasins
  6 porcupines
  An ice beast (D:8)
  A phantom (D:7)
  5 ogres
  11 wolves
  3 centaurs
  Blork the orc (D:4)
  9 crocodiles
  3 big kobolds (D:9)
  15 bullfrogs
  A wyvern zombie (D:5)
  3 scorpions
  3 killer bees (D:7)
  13 wights
  4 jellies
  A howler monkey (D:5)
  2 electric eels (Lair:3)
  3 crimson imps
  A centaur zombie (D:6)
  A quasit (D:6)
  4 centaur skeletons
  5 hounds
  5 orc priests
  4 bullfrog skeletons
  9 orc wizards
  Ijyb (D:4)
  2 iguanas
  12 hell rats
  5 worker ants
  A killer bee zombie (D:6)
  A hound zombie (D:6)
  A worker ant zombie (D:5)
  4 gnolls (D:5)
  13 adders
  A shadow imp (D:6)
  An ooze (D:5)
  An adder zombie (D:6)
  4 worms
  3 dart slugs
  8 leopard geckos
  31 orcs
  2 ball pythons
  9 bats
  9 giant cockroaches
  8 goblins
  6 hobgoblins
  6 jackals
  13 kobolds
  6 quokkas
  A ball python skeleton (D:4)
  A frilled lizard (D:3)
  A giant cockroach zombie (D:5)
  2 leopard gecko skeletons
  12 rats
  4 fungi
  6 plants
431 creatures vanquished.

Vanquished Creatures (others)
  An orc wizard (D:7)
  2 fungi
  2 plants
5 creatures vanquished.

Grand Total: 436 creatures vanquished

Notes
Turn   | Place    | Note
-------+----------+-------------------------------------------
     0 | D:1      | Kagorn the Gargoyle Berserker began the quest for the Orb.
     0 | D:1      | Reached XP level 1. HP: 14/14 MP: 1/1
    74 | D:1      | Reached XP level 2. HP: 5/19 MP: 2/2
   357 | D:1      | Reached XP level 3. HP: 24/24 MP: 3/3
   555 | D:1      | Reached skill level 4 in Fighting
   968 | D:2      | Reached ** piety under Trog
  1184 | D:2      | Reached XP level 4. HP: 29/29 MP: 4/4
  1285 | D:2      | Found a faded altar of an unknown god.
  1415 | D:2      | Found a sparkling altar of Nemelex Xobeh.
  1539 | D:2      | Found a deep blue altar of Sif Muna.
  1550 | D:2      | Found a radiant altar of Vehumet.
  2039 | D:3      | Reached XP level 5. HP: 29/33 MP: 5/5
  2359 | D:3      | Noticed a hornet
  2370 | D:3      | Killed a hornet
  2370 | D:3      | Reached XP level 6. HP: 37/39 MP: 6/6
  2727 | D:4      | Noticed Grinder
  2738 | D:4      | Killed Grinder
  2738 | D:4      | Reached skill level 5 in Fighting
  2738 | D:4      | Reached XP level 7. HP: 44/44 MP: 7/7
  2757 | D:4      | Noticed Ethylacetat's ghost (amateur DsCK)
  2873 | D:4      | Found a sacrificial altar of Ru.
  2935 | D:4      | Noticed Blork the orc
  2950 | D:4      | Killed Blork the orc
  2950 | D:4      | Reached *** piety under Trog
  3167 | D:4      | Noticed Ijyb
  3173 | D:4      | Paralysed by Ijyb for 2 turns
  3178 | D:4      | Paralysed by Ijyb for 4 turns
  3306 | D:4      | Killed Ethylacetat's ghost
  3306 | D:4      | Reached XP level 8. HP: 50/50 MP: 8/8
  3342 | D:5      | Entered Level 5 of the Dungeon
  3356 | D:4      | Killed Ijyb
  4006 | D:5      | Noticed Sigmund
  4024 | D:5      | Killed Sigmund
  4024 | D:5      | Reached skill level 6 in Fighting
  4024 | D:5      | Reached skill level 1 in Axes
  4033 | D:5      | Noticed teukkam's ghost (novice TrMo)
  4051 | D:5      | HP: 2/51 [teukkam's ghost (4)]
  4358 | D:5      | Killed teukkam's ghost
  4358 | D:5      | Reached skill level 7 in Fighting
  4358 | D:5      | Reached XP level 9. HP: 57/57 MP: 9/9
  4487 | D:5      | Reached skill level 5 in Armour
  4693 | D:5      | Noticed Menkaure
  4697 | D:5      | Killed Menkaure
  4945 | D:5      | Found the +27 Lear's hauberk
  5171 | D:5      | Found a sparkling altar of Nemelex Xobeh.
  5390 | D:6      | Found Iteadec's Weapon Emporium.
  5668 | D:6      | Found a deep blue altar of Sif Muna.
  5843 | D:7      | Reached skill level 5 in Polearms
  5971 | D:7      | Found a staircase to the Ecumenical Temple.
  6110 | D:7      | Reached **** piety under Trog
  6144 | D:7      | Reached XP level 10. HP: 37/64 MP: 10/10
  6314 | D:7      | Noticed a hand axe
  6316 | D:7      | Reached skill level 8 in Fighting
  6317 | D:7      | Found a hide-covered altar of Uskayaw.
  6317 | D:7      | Noticed a hand axe
  6786 | D:8      | Noticed a two-headed ogre
  6810 | D:8      | Killed a two-headed ogre
  6810 | D:8      | Reached skill level 1 in Shields
  6957 | D:8      | Reached skill level 5 in Stealth
  7069 | D:8      | Got a distressingly furry robe
  7144 | D:8      | Reached skill level 1 in Long Blades
  7320 | D:8      | Found a glowing silver altar of Zin.
  7783 | D:9      | Noticed Prince Ribbit
  8119 | D:9      | Reached XP level 11. HP: 69/69 MP: 11/11
  8165 | D:9      | Found a staircase to the Lair.
  8332 | D:9      | Reached skill level 9 in Fighting
  8353 | D:9      | Reached ***** piety under Trog
  8381 | D:9      | Noticed a two-headed hydra
  8395 | D:9      | Killed a one-headed hydra
  8395 | D:9      | Reached skill level 5 in Long Blades
  8413 | D:9      | Identified the cursed +1 robe of Claustrophobia {-Cast rC+ Int+2 Dex+7} (You found it on level 8 of the Dungeon)
  8740 | Lair:1   | Entered Level 1 of the Lair of Beasts
  9685 | D:9      | Killed Prince Ribbit
 10553 | Lair:1   | Identified 3 scrolls of acquirement
 10554 | Lair:1   | Got a shimmering platinum ring
 10555 | Lair:1   | Identified the ring of Xopsuur {rC+ rN+ Str+4} (You acquired it on level 1 of the Lair of Beasts)
 10560 | Lair:1   | Got an ancient silver ring
 10562 | Lair:1   | Identified the ring "Vuusseuq" {rF+ Dex+3 SInv Stlth+} (You acquired it on level 1 of the Lair of Beasts)
 10568 | Lair:1   | Gained mutation: You have a pair of small antennae on your head. [potion of mutation]
 10568 | Lair:1   | Gained mutation: You have a beak for a mouth. [potion of mutation]
 10568 | Lair:1   | Gained mutation: You are partially covered in thin metallic scales. (AC +2) [potion of mutation]
 10568 | Lair:1   | Gained mutation: Your flesh is cold resistant. (rC+) [potion of mutation]
 10916 | Lair:2   | Reached XP level 12. HP: 77/77 MP: 12/12
 10975 | Lair:2   | Reached skill level 5 in Dodging
 11018 | Lair:2   | Noticed Pawles22's ghost (journeyman MiMo)
 11063 | Lair:2   | Killed Pawles22's ghost
 11101 | Lair:2   | Reached skill level 10 in Fighting
 11139 | Lair:2   | Noticed a six-headed hydra
 11153 | Lair:2   | Killed a one-headed hydra
 11510 | Lair:2   | Noticed a four-headed hydra
 11522 | Lair:2   | Killed a one-headed hydra
 11856 | Lair:3   | Noticed a four-headed hydra
 11868 | Lair:3   | Killed a one-headed hydra
 12347 | Lair:3   | You fall through a shaft!
 12403 | Lair:4   | Found a shimmering altar of Xom.
 12546 | Lair:4   | Found a staircase to the Shoals.
 12701 | Lair:4   | Reached XP level 13. HP: 84/84 MP: 13/13
 12901 | Lair:3   | Reached skill level 11 in Fighting
 12976 | Lair:3   | Reached skill level 10 in Long Blades
 14170 | Lair:4   | Received a gift from Trog
 14194 | Lair:4   | Found a staircase to the Snake Pit.
 14751 | Lair:5   | Reached skill level 1 in Short Blades
 14853 | Lair:5   | Found a dark tunnel.
 14864 | Volcano  | Entered a volcano
 15043 | Volcano  | Reached skill level 12 in Fighting
 15148 | Volcano  | Noticed a red draconian
 15171 | Volcano  | Killed a red draconian
 15674 | Lair:5   | Found a snail-covered altar of Cheibriados.
 15781 | Lair:6   | Entered Level 6 of the Lair of Beasts
 15801 | Lair:6   | Gained mutation: Your large and strong wings let you fly indefinitely. [Gargoyle growth]
 15801 | Lair:6   | Reached XP level 14. HP: 74/92 MP: 14/14
 16067 | Lair:6   | HP: 7/207 [yak (4)]
 16068 | Lair:6   | HP: 3/207 [yak (6)]
 16069 | Lair:6   | Reached skill level 13 in Fighting
 16070 | Lair:6   | Slain by a yak

Skill      XL: |  1  2  3  4  5  6  7  8  9 10 11 12 13 14 |
---------------+-------------------------------------------+-----
Fighting       | 4 5 7 8 9 10 12 13 | 13.0
Dodging        | 2 3 4 5 6 7 |  7.3
Maces & Flails | 4 6 7 8 |  8.2
Armour         | 3 4 5 6 7 9 |  9.5
Axes           | 1 |  1.9
Polearms       | 2 5 6 |  6.2
Stealth        | 3 4 5 6 8 9 |  9.9
Shields        | 2 4 |  4.9
Long Blades    | 3 7 9 10 | 10.1
Short Blades   | 2 3 |  3.7

Action                   |  1- 3 |  4- 6 |  7- 9 | 10-12 | 13-15 || total
-------------------------+-------+-------+-------+-------+-------++-------
Melee: Mace              |   136 |   202 |    97 |    67 |       ||   502
       War axe           |       |       |    34 |       |       ||    34
       Scythe            |       |       |   344 |    48 |       ||   392
       Great sword       |       |       |       |   529 |   103 ||   632
       Hand axe          |       |       |       |   236 |   223 ||   459
       Peck              |       |       |       |   102 |   179 ||   281
       Dagger            |       |       |       |       |   103 ||   103
       Battleaxe         |       |       |       |       |   105 ||   105
Invok: Berserk           |       |     3 |     8 |     3 |     1 ||    15
       Trog's Hand       |       |     2 |     8 |     6 |     5 ||    21
       Burn Spellbooks   |       |       |       |     1 |       ||     1
  Use: Scroll            |       |     7 |     7 |    14 |    14 ||    42
       Potion            |       |     1 |     5 |     6 |     4 ||    16
 Stab: Paralysed         |       |       |     1 |       |       ||     1
       Sleeping          |       |       |       |       |     3 ||     3
       Petrified         |       |       |       |       |     8 ||     8
       Petrifying        |       |       |       |       |     1 ||     1
  Eat: Chunk             |     1 |     2 |     1 |     4 |       ||     8
       Ration            |     1 |     1 |     6 |     8 |     4 ||    20
Armor: Animal skin       |    32 |       |       |       |       ||    32
       Scale mail        |    38 |   103 |    16 |       |       ||   157
       Ring mail         |     3 |       |       |       |       ||     3
       Skin              |     1 |       |       |       |    26 ||    27
       Plate armour      |       |       |   471 |       |       ||   471
       Chain mail        |       |       |    88 |  1014 |   509 ||  1611
Dodge: Dodged            |   123 |   121 |   432 |   585 |   364 ||  1625
Block: Buckler           |       |       |       |    45 |    78 ||   123
       Rpst.: Great sword |       |       |       |   119 |    11 ||   130
